 Dungeon Crawl Stone Soup version 0.16-a0-3394-g83d1dde (webtiles) character file.

2952 monstruo the Thaumaturge (level 9, -3/51 HPs)
             Began as a High Elf Fire Elementalist on Dec 26, 2014.
             Was a Believer of Sif Muna.
             Slain by WereVolvo's ghost (22 damage)
             ... on level 7 of the Dungeon on Dec 30, 2014.
             The game lasted 00:37:23 (9409 turns).

monstruo the Thaumaturge (HEFE)                     Turns: 9409, Time: 00:37:23

Health: -3/51      AC:  8    Str:  8    XL:     9   Next: 52%
Magic:  32/37      EV: 10    Int: 23    God:    Sif Muna [**....]
Gold:   124        SH:  0    Dex: 15    Spells: 4 memorised, 12 levels left

rFire  . . .     SeeInvis .     e - +0 short sword
rCold  . . .     Clarity  .     q - +1 ring mail
rNeg   . . .     SustAb   .     (no shield)
rPois  .         Gourm    .     (no helmet)
rElec  .         Spirit   .     (no cloak)
rCorr  .         Warding  .     v - +0 pair of gloves
rMut   .         Stasis   .     B - +0 pair of boots
MR     .....                    (no amulet)
Stlth  +.........               (no ring)
                                m - ring of magical power

@: not resistant to hostile enchantments, very unstealthy
A: no striking features
a: Channel Energy, Forget Spell, Renounce Religion


You were on level 7 of the Dungeon.
You worshipped Sif Muna.
Sif Muna was pleased with you.
You were not hungry.

You visited 2 branches of the dungeon, and saw 9 of its levels.

You collected 306 gold pieces.
You spent 182 gold pieces at shops.

Inventory:

Hand weapons
 e - a +0 short sword (weapon)
 y - a +0 whip
Armour
 q - a +1 ring mail (worn)
 v - a +0 pair of gloves (worn)
 B - a +0 pair of boots (worn)
Jewellery
 m - a ring of magical power (left hand)
Magical devices
 j - a wand of frost (15)
 w - a wand of draining (5)
 x - a wand of cold (4)
 D - a wand of cold (8)
Scrolls
 g - 3 scrolls of amnesia
 h - 2 scrolls of teleportation
 n - 2 scrolls of identify
 z - 2 scrolls of recharging
 A - a scroll of silence {unknown}
Potions
 d - 2 potions of agility {unknown}
 f - 2 potions of resistance {unknown}
 i - a potion of invisibility {unknown}
 k - 2 potions of heal wounds
 l - 2 potions of curing
 o - a potion of beneficial mutation {unknown}
 p - a potion of magic {unknown}
 r - a potion of poison {unknown}
 s - a potion of berserk rage {unknown}
 t - a potion of restore abilities {unknown}
 u - a potion of brilliance {unknown}
Books
 b - a book of Flames

   Spells                             Type                      Level
   a - Flame Tongue                   Conjuration/Fire             1
   b - Throw Flame                    Conjuration/Fire             2
   c - Conjure Flame                  Conjuration/Fire             3
   d - Inner Flame                    Hexes/Fire                   3
   e - Sticky Flame                   Conjuration/Fire             4
   f - Fireball                       Conjuration/Fire             5
Comestibles
 a - 5 meat rations
 c - 3 bread rations


   Skills:
 - Level 2.1 Dodging
 - Level 2.1 Stealth
 + Level 8.5 Spellcasting
 + Level 8.5 Conjurations
 + Level 8.4 Fire Magic


You had 12 spell levels left.
You knew the following spells:

 Your Spells              Type           Power        Failure   Level  Hunger
a - Flame Tongue          Conj/Fire      #####        1%          1    None
b - Conjure Flame         Conj/Fire      #####...     1%          3    None
c - Sticky Flame          Conj/Fire      #####...     6%          4    ##.....
d - Fireball              Conj/Fire      #####.....   14%         5    #####..


Dungeon Overview and Level Annotations

Branches:
Dungeon (8/15)             Temple (1/1) D:7
   Lair: D:8-11

Altars:
Ashenzari
Cheibriados
Dithmenos
Elyvilon
Fedhas
Gozag
Kikubaaqudgha
Makhleb
Nemelex Xobeh
Okawaru
Qazlal
Sif Muna
Trog
Vehumet
Xom
Yredelemnul
Zin

Shops:
D:4 =?!

Annotations:
D:7 WereVolvo's ghost, experienced HOFi
D:8 yuleCrawler's ghost, experienced FoFi


Message History

A goblin comes into view. It is wielding a club.
Casting: Flame Tongue
Confirm with . or Enter, or press ? or * to list all spells.
Aiming: Flame Tongue
Press: ? - help, Shift-Dir - straight line, f/p - WereVolvo's ghost
Aim: WereVolvo's ghost (lightly damaged)
The flame tongue hits WereVolvo's ghost.
WereVolvo's ghost appears unharmed.
WereVolvo's ghost is lightly damaged.
The goblin moves out of view.
Casting: Flame Tongue
Confirm with . or Enter, or press ? or * to list all spells.
Aiming: Sticky Flame
Press: ? - help, Shift-Dir - straight line, f/p - WereVolvo's ghost
Aim: WereVolvo's ghost (lightly damaged)
The sticky flame hits WereVolvo's ghost.
WereVolvo's ghost is moderately damaged.
WereVolvo's ghost hits you! WereVolvo's ghost hits you!!
You die...

#..## #.......#...........#.#
...### #.......#...........#.#
.....# #.......#...(.......#.#
...#.# ######.######.#.####.#.#
#..#.# #.............#.##...#.#
.....# #.............#..#.###.#
###..# #.....>.......##.#.# #.###
...#.# #........W.......#.###.#..
=..#.# #........@....#........#.#
...#.# #.....<.......#..#.#.#.#.#
..<#.# #.............#..#.......#
...#.# #.............##.###.#.###
...#.##########....#.##.....#.###
####...............#.########....
###########.###.#.# #.......##
#........# #.......# #..###.###
#.......#


You could see WereVolvo's ghost.

Vanquished Creatures
  2 sky beasts
  3 ogres
  A phantom (D:6)
  5 centaurs
  2 giant frogs
  2 scorpions
  The ghost of timbw the Ruffian, a weakling FoMo (D:5)
  9 killer bees
  2 giant frog zombies
  4 crimson imps
  3 hounds
  7 orc priests
  A goliath beetle (D:7)
  A jelly (D:6)
  A centaur skeleton (D:5)
  3 giant frog skeletons
  Natasha (D:4)
  8 orc wizards
  An iguana (D:4)
  6 worker ants
  A killer bee zombie (D:7)
  Jessica (D:2)
  3 hound skeletons
  A worker ant zombie (D:7)
  7 adders
  A shadow imp (D:5)
  A giant mite (D:1)
  5 worms
  An adder zombie (D:7)
  5 giant geckos
  An ooze (D:6)
  8 orcs
  10 bats
  A bat skeleton (D:5)
  4 giant cockroaches
  15 hobgoblins
  5 jackals
  3 quokkas
  3 giant newts
  3 giant spores
  5 goblins
  A jackal skeleton (D:5)
  18 kobolds
  12 rats
  7 ballistomycetes
185 creatures vanquished.

Vanquished Creatures (others)
  A centaur (D:7)
1 creature vanquished.

Grand Total: 186 creatures vanquished

Notes
Turn   | Place    | Note
--------------------------------------------------------------
     0 | D:1      | monstruo, the High Elf Fire Elementalist, began the quest for the Orb.
     0 | D:1      | Reached XP level 1. HP: 11/11 MP: 4/4
   359 | D:1      | Reached XP level 2. HP: 17/17 MP: 1/6
   865 | D:1      | Reached XP level 3. HP: 21/21 MP: 6/8
  1527 | D:1      | Learned a level 3 spell: Conjure Flame
  1977 | D:2      | Found a white marble altar of Elyvilon.
  2423 | D:2      | Reached skill level 4 in Fire Magic
  2423 | D:2      | Reached XP level 4. HP: 27/27 MP: 8/12
  2459 | D:2      | Noticed Jessica
  2460 | D:2      | Killed Jessica
  2610 | D:2      | Learned a level 4 spell: Sticky Flame
  2736 | D:3      | Noticed a centaur
  2747 | D:3      | Killed a centaur
  2747 | D:3      | Reached XP level 5. HP: 9/31 MP: 8/15
  3058 | D:3      | Found a radiant altar of Vehumet.
  3058 | D:3      | Found a blossoming altar of Fedhas.
  3195 | D:3      | Found a stormy altar of Qazlal.
  3681 | D:3      | Reached XP level 6. HP: 36/36 MP: 13/18
  3829 | D:3      | Reached skill level 5 in Fire Magic
  4025 | D:4      | Found Kaceoh's Distillery.
  4028 | D:4      | Bought a potion of heal wounds for 65 gold pieces
  4028 | D:4      | Bought a potion of degeneration for 13 gold pieces
  4075 | D:4      | Noticed Natasha
  4114 | D:4      | Killed Natasha
  4271 | D:4      | Found a shattered altar of Ashenzari.
  4460 | D:4      | Found Darroad's Magic Scroll Emporium.
  4465 | D:4      | Found Straucs' Jewellery Boutique.
  4811 | D:4      | Reached skill level 5 in Spellcasting
  4811 | D:4      | Reached XP level 7. HP: 29/41 MP: 15/21
  5093 | D:4      | Bought a potion of heal wounds for 65 gold pieces
  5093 | D:4      | Bought a potion of curing for 39 gold pieces
  5124 | D:4      | Learned a level 5 spell: Fireball
  5133 | D:5      | Entered Level 5 of the Dungeon
  5327 | D:5      | Reached skill level 5 in Conjurations
  5498 | D:5      | Reached skill level 6 in Fire Magic
  5721 | D:5      | Reached XP level 8. HP: 33/46 MP: 24/24
  5918 | D:5      | Noticed timbw's ghost (weakling FoMo)
  5928 | D:5      | Killed timbw's ghost
  6484 | D:6      | Reached skill level 7 in Fire Magic
  6799 | D:6      | Found an ancient bone altar of Kikubaaqudgha.
  6842 | D:6      | Found an opulent altar of Gozag.
  6843 | D:6      | Found a deep blue altar of Sif Muna.
  6844 | D:6      | Found an iron altar of Okawaru.
  6845 | D:6      | Found a sparkling altar of Nemelex Xobeh.
  6856 | D:6      | Became a worshipper of Sif Muna the Loreminder
  7322 | D:6      | Found a radiant altar of Vehumet.
  7507 | D:7      | Acquired Sif Muna's first power
  7518 | D:7      | Upgraded the game from 0.16-a0-3303-g3c4fcab to 0.16-a0-3394-g83d1dde
  7658 | D:7      | Reached XP level 9. HP: 51/51 MP: 27/27
  8313 | D:7      | Noticed WereVolvo's ghost (experienced HOFi)
  8513 | D:7      | Reached skill level 8 in Fire Magic
  8585 | D:7      | Found a staircase to the Ecumenical Temple.
  8653 | Temple   | Entered the Ecumenical Temple
  9321 | D:8      | Acquired Sif Muna's second power
  9327 | D:8      | Noticed yuleCrawler's ghost (experienced FoFi)
  9409 | D:7      | Slain by WereVolvo's ghost

Action                   |  1- 3 |  4- 6 |  7- 9 || total
-------------------------+-------+-------+-------++-------
Melee: Unarmed           |     3 |    12 |       ||    15
       Short sword       |     6 |    22 |   105 ||   133
 Cast: Flame Tongue      |    74 |   108 |   133 ||   315
       Conjure Flame     |       |     1 |     3 ||     4
       Sticky Flame      |       |       |    65 ||    65
       Fireball          |       |       |     1 ||     1
Evoke: Wand              |       |       |     5 ||     5
  Use: Scroll            |       |     2 |    10 ||    12
       Potion            |       |     1 |     2 ||     3
  Eat: Chunk             |     4 |     8 |    14 ||    26
       Fruit             |       |       |     3 ||     3
       Meat ration       |       |       |     1 ||     1
